[ AOE2 MATCH · #513815732 ]
UnrankedBulgarians vs Malay
Rival team · LOSS
[ REPLAY ANALYSIS · EXTRACTED FROM THE RECORDED GAME ]
Feudal
9:02
Castle
—
Imperial
—
| APM avg | 90.3 |
| APM peak | 121 |
| eAPM avg | 34.2 |
| Villagers / military | 27 / 6 |
Focus
⚔️ 57.6% · 🌾 42.4%
Militia ×6
Feudal
9:13
Castle
—
Imperial
—
| APM avg | 43.1 |
| APM peak | 59 |
| eAPM avg | 14.7 |
| Villagers / military | 21 / 0 |
Focus
⚔️ 31.6% · 🌾 68.4%
Match map
Initial resources + every placement click. Lines = walls · curves = elevation contours. ◆ gold · ⬟ stone · ● berries · ✦ relic · ◌ wall gap
Your base
recplorer's base
Smoothed initial terrain · ◌ = detected wall gap · hover for details
Inputs per minute
— VL Aveee - - recplorer
Build order — VL Aveee
47 actions detected in the replay
| 0:00 | Queue | Villager (Male) |
| 0:00 | Queue | Villager (Male) |
| 0:01 | Queue | Villager (Male) |
| 0:01 | Build | House |
| 0:02 | Build | House |
| 0:04 | Queue | Villager (Male) |
| 1:27 | Queue | Villager (Male) |
| 1:27 | Queue | Villager (Male) |
| 1:54 | Queue | Villager (Male) |
| 1:54 | Queue | Villager (Male) |
| 1:56 | Build | Lumber Camp |
| 2:16 | Queue | Villager (Male) |
| 2:16 | Queue | Villager (Male) |
| 2:46 | Queue | Villager (Male) |
| 2:46 | Queue | Villager (Male) |
| 2:46 | Queue | Villager (Male) |
| 3:20 | Queue | Villager (Male) |
| 3:20 | Queue | Villager (Male) |
| 3:48 | Queue | Villager (Male) |
| 3:48 | Queue | Villager (Male) |
| 3:57 | Build | House |
| 4:11 | Queue | Villager (Male) |
| 4:11 | Queue | Villager (Male) |
| 4:30 | Queue | Villager (Male) |
| 4:30 | Queue | Villager (Male) |
| 4:31 | Queue | Villager (Male) |
| 4:55 | Build | Barracks |
| 4:55 | Queue | Villager (Male) |
| 4:56 | Queue | Villager (Male) |
| 5:26 | Research | Loom |
| 5:29 | Queue | Villager (Male) |
| 5:29 | Research | Loom |
| 5:51 | Build | House |
| 6:52 | Research | Feudal Age |
| 6:52 | Research | Feudal Age |
| 7:02 | Build | Mill |
| 7:23 | Queue | Militia |
| 7:23 | Queue | Militia |
| 7:23 | Queue | Militia |
| 7:23 | Queue | Militia |
| 7:29 | Build | House |
| 7:56 | Queue | Militia |
| 7:56 | Queue | Militia |
| 8:31 | Queue | Villager (Male) |
| 9:02 | Age | Feudal Age |
| 9:05 | Build | Watch Tower |
| 9:21 | Queue | Villager (Male) |
Build order — recplorer
42 actions detected in the replay
| 0:00 | Queue | Villager (Male) |
| 0:02 | Build | House |
| 0:04 | Queue | Villager (Male) ×3 |
| 1:23 | Queue | Villager (Male) |
| 1:46 | Build | House |
| 1:47 | Build | House |
| 1:48 | Build | Palisade Wall |
| 1:50 | Queue | Villager (Male) |
| 2:22 | Build | Lumber Camp |
| 2:22 | Queue | Villager (Male) |
| 2:53 | Queue | Villager (Male) |
| 2:53 | Queue | Villager (Male) |
| 3:32 | Queue | Villager (Male) |
| 3:32 | Queue | Villager (Male) |
| 3:56 | Queue | Villager (Male) |
| 4:26 | Queue | Villager (Male) |
| 4:26 | Queue | Villager (Male) |
| 4:54 | Queue | Villager (Male) |
| 5:11 | Queue | Villager (Male) |
| 5:37 | Build | Mill |
| 5:38 | Queue | Villager (Male) |
| 5:55 | Build | House |
| 5:55 | Queue | Villager (Male) |
| 6:25 | Queue | Villager (Male) |
| 7:04 | Queue | Villager (Male) |
| 7:04 | Research | Loom |
| 7:24 | Research | Feudal Age |
| 7:39 | Build | Mining Camp |
| 7:42 | Build | Palisade Wall |
| 7:59 | Build | Palisade Wall |
| 7:59 | Build | Palisade Wall |
| 8:00 | Build | Palisade Wall |
| 8:21 | Build | Barracks |
| 9:04 | Build | Palisade Wall |
| 9:10 | Build | Palisade Wall |
| 9:13 | Age | Feudal Age |
| 9:15 | Build | Palisade Wall |
| 9:18 | Build | Palisade Wall |
| 9:20 | Build | Palisade Wall |
| 9:22 | Build | Palisade Wall |
| 9:25 | Build | Palisade Wall |
| 9:32 | Queue | Villager (Male) |
Match timeline
| 1:48 | recplorer · wall_segment Palisade Wall x1 |
| 4:55 | VL Aveee · first_building Barracks |
| 7:42 | recplorer · wall_segment Palisade Wall x1 |
| 7:59 | recplorer · wall_segment Palisade Wall x1 |
| 7:59 | recplorer · wall_segment Palisade Wall x1 |
| 8:00 | recplorer · wall_segment Palisade Wall x1 |
| 8:21 | recplorer · first_building Barracks |
| 9:02 | VL Aveee · age_up feudal |
| 9:04 | recplorer · wall_segment Palisade Wall x1 |
| 9:10 | recplorer · wall_segment Palisade Wall x1 |
| 9:13 | recplorer · age_up feudal |
| 9:15 | recplorer · wall_segment Palisade Wall x1 |
| 9:18 | recplorer · wall_segment Palisade Wall x1 |
| 9:20 | recplorer · wall_segment Palisade Wall x1 |
| 9:22 | recplorer · wall_segment Palisade Wall x1 |
| 9:25 | recplorer · wall_segment Palisade Wall x1 |
| 9:37 | recplorer · resign |
[ AI ANALYSIS · 1 CREDIT ]
What really happened in this match?
Wolo.gg analyzes every decision: build order, eco, micro, common mistakes by bracket. Personalized analysis on WhatsApp or Discord in 30 seconds.
Civ guide
Bulgarians
Perfil
Jugador #6773576